 Dungeon Crawl Stone Soup version 0.29-a0-676-ga64570c9d2 (webtiles) character file.

Game seed: 18356175801730305104

917 pokeman the Thaumaturge (level 7, -2/40 HPs)
             Began as a Deep Elf Hedge Wizard on June 24, 2022.
             Was a Follower of Vehumet.
             Slain by Pikel
             ... wielding a +0 whip of flaming
              (10 damage)
             ... on level 5 of the Dungeon.
             The game lasted 00:12:11 (6459 turns).

pokeman the Thaumaturge (Deep Elf Hedge Wizard)     Turns: 6459, Time: 00:12:11

Health: -2/40      AC:  6    Str: 10    XL:     7   Next: 83%
Magic:  2/21       EV: 12    Int: 21    God:    Vehumet [*.....]
Gold:   209        SH:  0    Dex: 16    Spells: 7/23 levels left

rFire   . . .      SeeInvis .   A - +8 dagger of the Past {venom, *Corrode Str+3 Dex+2}
rCold   . . .      Faith    .   (no shield)
rNeg    . . .      Spirit   .   u - +0 leather armour
rPois   .          Reflect  .   l - +1 hat
rElec   .          Harm     .   z - +0 cloak
rCorr   .          Rampage  .   B - +0 pair of gloves
Will    .....                   (no boots)
Stlth   ++........              (no amulet)
HPRegen 0.13/turn               b - ring of wizardry
MPRegen 0.17/turn               (no ring)

@: on blink cooldown, studying Bows
A: no striking features
a: Renounce Religion


You were on level 5 of the Dungeon.
You worshipped Vehumet.
Vehumet was aware of your devotion.
You visited 1 branch of the dungeon, and saw 5 of its levels.

You collected 264 gold pieces.
You spent 55 gold pieces at shops.

Inventory:

Hand Weapons
 y - a +3 quarterstaff of chaos
 A - the +8 dagger of the Past (weapon) {venom, *Corrode Str+3 Dex+2}
   (You took it off an orc on level 5 of the Dungeon)

   It poisons the flesh of those it strikes.
   Str:       It affects your strength (+3).
   Dex:       It affects your dexterity (+2).
   *Corrode:  It may corrode you when you take damage.
Armour
 l - a +1 hat (worn)
 u - a +0 leather armour (worn)
 z - a +0 cloak (worn)
 B - a +0 pair of gloves (worn)
Magical Staves
 f - a staff of death
 q - a staff of earth
 t - a staff of fire
Jewellery
 b - a ring of wizardry (left hand)
 s - an amulet of faith
Wands
 p - a wand of mindburst (37)
 v - a wand of flame (23)
Scrolls
 a - a scroll of enchant weapon {unknown}
 c - a scroll of enchant armour {unknown}
 e - 2 scrolls of amnesia {unknown}
 h - a scroll of torment {unknown}
 j - 2 scrolls of teleportation {unknown}
 k - 2 scrolls of blinking {unknown}
 n - a scroll of immolation {unknown}
 o - 2 scrolls of identify {unknown}
 r - a scroll of summoning {unknown}
 w - a scroll of fog {unknown}
Potions
 d - 2 potions of magic
 g - 3 potions of degeneration {unknown}
 i - 2 potions of heal wounds
 m - a potion of curing {unknown}
 x - a potion of flight {unknown}
 C - a potion of mutation {unknown}


   Skills:
 - Level 2.0 Fighting
 + Level 1.1 Armour
 - Level 3.1 Dodging
 - Level 3.0 Stealth
 * Level 8.6 Spellcasting
 + Level 4.3 Conjurations
 - Level 1.1 Summonings
 - Level 1.6 Necromancy
 - Level 1.1 Translocations
 + Level 2.3 Fire Magic
 - Level 1.0 Ice Magic
 - Level 1.0 Air Magic
 - Level 1.0 Earth Magic
 - Level 1.0 Poison Magic
 - Level 1.0 Evocations


You had 7 spell levels left.
You knew the following spells:

 Your Spells              Type           Power      Damage    Failure   Level
a - Magic Dart            Conj           100%       1d8       1%          1
b - Mephitic Cloud        Conj/Pois/Air  18%        N/A       5%          3
c - Call Imp              Summ           13%        N/A       4%          2
d - Blink                 Tloc           26%        N/A       4%          2
e - Conjure Flame         Conj/Fire      23%        6-21      3%          3
f - Freezing Cloud        Conj/Ice/Air   8%         6-21      41%         5

Your spell library contained the following spells:

 Spells                   Type           Power      Damage    Failure   Level
 Shock                    Conj/Air       80%        1d8       1%          1
 Sublimation of Blood     Necr           15%        N/A       3%          2
 Slow                     Hex            36%        N/A       4%          1
 Wereblood                Tmut           9%         N/A       6%          2
 Ignite Poison            Fire/Tmut/Pois 13%        N/A       8%          3
 Summon Hydra             Summ           6%         N/A       100%        7


Dungeon Overview and Level Annotations

Branches:
Dungeon (5/15)             Temple (0/1) D:5

Altars:
Cheibriados
Gozag
Makhleb
Okawaru
Vehumet
Zin
The Shining One

Shops:
D:4 *

Annotations:
D:5 Pikel


Message History

Pikel is engulfed in noxious fumes.
Unknown command.
You closely miss Pikel.
Pikel is engulfed in noxious fumes.
Pikel appears confused.
Pikel asks, "Where am I?"
A lemure comes into view.
You hit Pikel.
Pikel is lightly wounded.
Pikel is engulfed in noxious fumes.
Pikel appears confused.
Pikel barely misses you.
Pikel hits himself but does no damage.
You hit Pikel.
Pikel is lightly wounded.
The lemure closely misses you.
You barely miss Pikel.
Pikel is lightly wounded.
The lemure hits you.
Pikel is engulfed in noxious fumes.
Pikel appears confused.
Pikel hits you with a +0 whip of flaming.
Pikel burns you.
Pikel hits himself with a +0 whip of flaming.
Pikel burns himself.
You barely miss Pikel.
Pikel is moderately wounded.
You hit Pikel.
Pikel is poisoned.
Pikel is moderately wounded.
The lemure hits you but does no damage.
Pikel hits you with a +0 whip of flaming!
Pikel burns you.
* * * LOW HITPOINT WARNING * * *
Unknown command.
The lemure attacks as you move away! The lemure misses you.
The lemure hits you.
* * * LOW HITPOINT WARNING * * *
Pikel says, "I'm a little confused."
Pikel barely misses himself.
Casting: Mephitic Cloud (dangerous; 5% risk of failure)
Confirm with . or Enter, or press ? or * to list all spells.
You blink.
Pikel hits you with a +0 whip of flaming!
You die...

..K. ... ####....# .5# #.#
#..#..#### #.# #.# ##.###..>..
#.# #.# #.## ##.###
#.######K#####.# ##.###.##
#......).).).#.#########.#..####
#.######.###.#.....5ยง..........#
#.##.......5.......#.##..
#....#.#@K...........####
####...###########.### ##### #.#
#.###### #....... ########


You could see Pikel (confused, very poisoned) and 2 lemures.

Vanquished Creatures
  An orc warrior (D:5)
  A sky beast (D:3)
  2 ogres (D:5)
  A phantom (D:5)
  2 lemures (D:5)
  A necrophage (D:5)
  A scorpion (D:4)
  An orc priest (D:5)
  2 hounds
  Crazy Yiuf (D:4)
  2 iguanas
  An orc wizard (D:5)
  7 adders
  A shadow imp (D:5)
  An ufetubus (D:5)
  A worm (D:2)
  3 dart slugs
  16 orcs
  4 bats
  6 endoplasms
  A giant cockroach (D:3)
  5 goblins
  5 hobgoblins
  4 jackals
  5 kobolds
  A quokka (D:2)
  7 ball pythons
  4 frilled lizards
  2 rats (D:2)
89 creatures vanquished.

Vanquished Creatures (collateral kills)
  An orc (D:5)
1 creature vanquished.

Grand Total: 90 creatures vanquished

Notes
Turn   | Place    | Note
-------+----------+-------------------------------------------
     0 | D:1      | pokeman the Deep Elf Hedge Wizard began the quest for the
                  | Orb.
     0 | D:1      | Reached XP level 1. HP: 10/10 MP: 7/7
   204 | D:1      | Found a faded altar of an unknown god.
   311 | D:1      | Reached XP level 2. HP: 10/16 MP: 4/9
  1672 | D:2      | Reached skill level 5 in Spellcasting
  1672 | D:2      | Reached XP level 3. HP: 14/20 MP: 2/11
  1678 | D:2      | Learned a level 3 spell: Mephitic Cloud
  1681 | D:2      | Learned a level 2 spell: Call Imp
  1693 | D:2      | Learned a level 2 spell: Blink
  1697 | D:2      | Learned a level 3 spell: Conjure Flame
  2037 | D:2      | Reached skill level 1 in Fighting
  2065 | D:2      | Reached skill level 1 in Armour
  2458 | D:2      | Found a glowing silver altar of Zin.
  2468 | D:2      | Reached XP level 4. HP: 24/25 MP: 4/13
  3333 | D:3      | Noticed a sky beast
  3355 | D:3      | Killed a sky beast
  3356 | D:3      | Reached skill level 6 in Spellcasting
  3356 | D:3      | Reached skill level 1 in Necromancy
  3356 | D:3      | Reached XP level 5. HP: 29/29 MP: 11/15
  3517 | D:3      | Learned a level 5 spell: Freezing Cloud
  3616 | D:3      | Found a snail-covered altar of Cheibriados.
  3711 | D:3      | Found an iron altar of Okawaru.
  4031 | D:4      | Found an opulent altar of Gozag.
  4057 | D:4      | Found Juvaab Cewo's General Store.
  4142 | D:4      | Found a runed translucent door.
  4143 | D:4      | Noticed Crazy Yiuf
  4192 | D:4      | Found a radiant altar of Vehumet.
  4202 | D:4      | Became a worshipper of Vehumet
  4223 | D:4      | Reached skill level 1 in Fire Magic
  4223 | D:4      | Reached XP level 6. HP: 34/34 MP: 9/17
  4870 | D:4      | Found a burning altar of Makhleb.
  4970 | D:4      | Bought a potion of heal wounds for 55 gold pieces
  5048 | D:4      | Killed Crazy Yiuf
  5049 | D:4      | Reached skill level 7 in Spellcasting
  5155 | D:5      | Entered Level 5 of the Dungeon
  5197 | D:5      | Found a staircase to the Ecumenical Temple.
  5210 | D:5      | Reached skill level 1 in Ice Magic
  5210 | D:5      | Reached skill level 1 in Evocations
  5282 | D:5      | Noticed an orc warrior
  5294 | D:5      | Killed an orc warrior
  5295 | D:5      | Reached skill level 1 in Air Magic
  5295 | D:5      | Reached skill level 1 in Poison Magic
  5588 | D:5      | Found a glowing golden altar of the Shining One.
  5601 | D:5      | Reached XP level 7. HP: 38/38 MP: 15/20
  5777 | D:5      | Reached skill level 1 in Earth Magic
  5791 | D:5      | Identified the +8 dagger of the Past {venom, *Corrode Str+3
                  | Dex+2}
  5966 | D:5      | Reached skill level 8 in Spellcasting
  6097 | D:5      | Reached * piety under Vehumet
  6097 | D:5      | Offered knowledge of Shock by Vehumet.
  6436 | D:5      | Noticed Pikel
  6459 | D:5      | Slain by Pikel

Illustrated notes

Levels and vault maps discovered:
D:1:      mrwooster_arrival_statue, layout_loops_ring,
          ebering_ecumenical_altar_box
D:2:      layout_basic, basic_altar, minmay_pentomino_pile
D:3:      layout_basic, mainiacjoe_overflow_big_doors, kennysheep_generic_room_6
D:4:      layout_rooms, mainiacjoe_overflow_alcove_4, minitemple,
          nicolae_inconvenience_store, chequers_avenue, uniq_crazy_yiuf_cottage
D:5:      layout_loops_ring, nicolae_tso_carved_into_rock,
          minmay_temple_entry_proselytizer, minmay_quadrilaterals, uniq_pikel

Skill      XL: |  1  2  3  4  5  6  7 |
---------------+----------------------+-----
Spellcasting   | 5 6 7 8 |  8.6
Fighting       | 1 2 |  2.0
Armour         | 1 |  1.1
Conjurations   | 2 3 4 |  4.3
Dodging        | 3 |  3.1
Necromancy     | 1 |  1.6
Fire Magic     | 1 2 |  2.3
Stealth        | 3 |  3.0
Ice Magic      | 1 |  1.0
Evocations     | 1 |  1.0
Air Magic      | 1 |  1.0
Poison Magic   | 1 |  1.0
Earth Magic    | 1 |  1.0
Summonings     | |  1.1
Translocations | |  1.1

Action                   |  1- 3 |  4- 6 |  7- 9 || total
-------------------------+-------+-------+-------++-------
Melee: Staff             |    14 |    20 |       ||    34
       Punch             |       |     1 |       ||     1
       Dagger            |       |       |    16 ||    16
 Cast: Magic Dart        |    89 |    95 |    65 ||   249
       Mephitic Cloud    |     2 |     6 |     7 ||    15
       Conjure Flame     |     1 |     4 |     5 ||    10
       Blink             |       |     1 |     1 ||     2
       Call Imp          |       |     1 |       ||     1
 Stab: Confused          |     1 |       |     2 ||     3
Armor: Robe              |     5 |       |       ||     5
       Leather armour    |       |     5 |     2 ||     7
Dodge: Dodged            |    27 |    18 |     9 ||    54

Table legend: (Time is in decaauts)
 A = Elapsed time spent in this place.
 B = Non-inter-level travel time spent in this place.
 C = Inter-level travel time spent in this place.
 D = Time resting spent in this place.
 E = Time spent auto-exploring this place.
 F = Levels seen in this place.
 G = Mean time per level.
                   A        B        C        D        E       F      G
               +--------+--------+--------+--------+--------+-----+--------+
         Total |   6463 |   6312 |    151 |    308 |   5230 |   5 | 1292.6 |
       Dungeon |   6463 |   6312 |    151 |    308 |   5230 |   5 | 1292.6 |
               +--------+--------+--------+--------+--------+-----+--------+

Top non-repeatable levels by time:
     D:2: 1685 daAuts
     D:1: 1384 daAuts
     D:5: 1306 daAuts
     D:4: 1124 daAuts
     D:3: 962 daAuts
